AoeStats
← Green Assassin

MegaRandom

509478770Analyzed
4v4 RM · 4d ago on Sep 26, 2026· 58m 22s· 8 players
Game mode
Random Map
Map size
Large (8 player)
Population
200
Speed
Normal
Resources
Standard
Victory
Conquest
Starting age
Dark Age
Ending age
Imperial Age
RankedLock teamsTeams togetherTeam positionsShared explorationLock speedFull tech treeHidden civsTurbo modeCheats
Victory
Defeat
🇮🇹 Goths · Italy
1318
+15
🇩🇪 Mongols · Germany
1277
+17
🇨🇭 Ethiopians · Switzerland
1264
+18
🇩🇪 Byzantines · Germany
1252
+18
🇲🇽 Lithuanians · Mexico
1583
-28
🇲🇽 Mongols · Mexico
1370
-21
🇲🇽 Franks · Mexico
1163
-11
🇲🇽 Ethiopians · Mexico
1076
-8
Green Assassin
0:28 Loom
10:31 Feudal Age
17:02 Castle Age
15:13 Horse Collar
15:32 Double-Bit Axe
17:39 Wheelbarrow
18:38 Fletching
19:50 Bodkin Arrow
20:18 Fervor
23:11 Ballistics
23:21 Padded Archer Armor
25:24 Gold Mining
26:07 Bow Saw
25:59 Heavy Plow
28:52 Hand Cart
29:51 Stone Mining
34:50 Imperial Age
32:36 Bloodlines
32:32 Husbandry
32:46 Thumb Ring
34:51 Elite Mangudai
35:51 Conscription
35:53 Drill
35:52 Bracer
37:14 Chemistry
37:08 Parthian Tactics
37:02 Leather Archer Armor
37:57 Onager
39:00 Siege Engineers
44:33 Hoardings
50:23 Siege Onager
55:02 Caravan
56:45 Murder Holes
57:03 Masonry
56:36 Light Cavalry
57:28 Scale Barding Armor
Le Ron
6:01 Loom
11:25 Feudal Age
15:03 Castle Age
12:56 Double-Bit Axe
13:58 Horse Collar
15:32 Scale Mail Armor
15:59 Bow Saw
19:15 Chain Mail Armor
19:10 Squires
18:55 Gambesons
21:09 Forging
21:37 Wheelbarrow
23:07 Heavy Plow
23:42 Gold Mining
25:04 Gold Shaft Mining
25:50 Hand Cart
25:38 Stone Mining
29:59 Imperial Age
28:11 Stone Shaft Mining
27:33 Fletching
28:21 Ballistics
28:55 Bodkin Arrow
28:43 Treadmill Crane
30:17 Iron Casting
30:40 Elite Varangian Guard
31:39 Bracer
32:26 Plate Mail Armor
33:18 Crop Rotation
33:53 Two-Man Saw
34:18 Crop Rotation
34:44 Conscription
34:32 Arson
34:52 Pikeman
36:41 Chemistry
35:41 Halberdier
38:46 Murder Holes
39:52 Elite Cataphract
45:46 Block Printing
46:16 Sanctity
49:38 Hoardings
49:24 Fervor
54:01 Scale Barding Armor
54:25 Logistica
55:05 Chain Barding Armor
55:15 Husbandry
57:45 Plate Barding Armor
MLT | Bombad Gastald
1:46 Loom
10:42 Feudal Age
14:34 Castle Age
12:24 Double-Bit Axe
12:30 Horse Collar
16:49 Bow Saw
25:20 Gold Mining
25:20 Stone Mining
25:27 Stone Mining
27:52 Fletching
31:23 Imperial Age
30:57 Anarchy
31:03 Scale Mail Armor
31:15 Forging
32:38 Conscription
32:28 Squires
32:56 Heavy Plow
33:33 Wheelbarrow
35:36 Chain Mail Armor
35:57 Iron Casting
35:17 Pikeman
36:40 Halberdier
39:37 Hand Cart
39:26 Perfusion
38:47 Elite Huskarl
39:15 Man-at-Arms
40:38 Long Swordsman
41:25 Two-Handed Swordsman
42:41 Champion
43:27 Capped Ram
46:54 Chemistry
48:49 Crop Rotation
53:12 Blast Furnace
optional_cookie
5:18 Loom
8:58 Feudal Age
9:42 Double-Bit Axe
13:48 Gold Mining
14:59 Horse Collar
16:46 Fletching
19:08 Castle Age
18:19 Fletching
19:27 Wheelbarrow
19:59 Medium Warships
19:48 Bodkin Arrow
19:37 Fishing Lines
20:24 Bow Saw
24:45 Scale Mail Armor
24:56 Forging
27:39 Demolition Ship
30:53 Heavy Plow
39:56 Imperial Age
37:50 Chain Mail Armor
38:11 Iron Casting
42:18 Imperial Age
40:14 Squires
42:26 Halberdier
43:38 Plate Mail Armor
44:09 Blast Furnace
44:02 Conscription
44:14 Onager
45:23 Hand Cart
48:02 Torsion Engines
48:58 Siege Onager
50:49 Chemistry
51:25 Shipwright
51:19 Careening
52:44 Heavy Warships
56:18 Masonry
55:41 Siege Onager
[GDL] Axolotl
12:08 Feudal Age
10:24 Loom
13:37 Double-Bit Axe
17:01 Castle Age
14:56 Gold Mining
23:28 Stone Mining
24:13 Gold Shaft Mining
25:47 Wheelbarrow
25:37 Fletching
27:17 Hand Cart
27:52 Crossbowman
28:32 Bodkin Arrow
29:07 Horse Collar
32:38 Thumb Ring
35:13 Elite Skirmisher
36:23 Heavy Plow
36:37 Bow Saw
37:38 Padded Archer Armor
41:23 Imperial Age
40:02 Leather Archer Armor
40:42 Ballistics
40:33 Masonry
40:59 Heated Shot
42:28 Fortified Wall
41:50 Arbalester
45:39 Two-Man Saw
46:34 Ring Archer Armor
46:05 Bracer
48:41 Caravan
49:14 Coinage
[GDL] Ly0neZ
8:13 Feudal Age
15:54 Castle Age
16:44 Wheelbarrow
17:21 Fletching
26:28 Double-Bit Axe
26:26 Horse Collar
27:05 Padded Archer Armor
27:52 Bodkin Arrow
35:03 Imperial Age
34:10 Bow Saw
36:10 Heavy Plow
36:18 Scale Mail Armor
36:29 Forging
35:43 Man-at-Arms
36:32 Long Swordsman
37:42 Two-Handed Swordsman
38:59 Squires
39:37 Heavy Scorpion
40:52 Champion
43:23 Hand Cart
42:54 Loom
44:31 Chain Mail Armor
44:51 Iron Casting
44:53 Gold Mining
45:09 Caravan
45:53 Conscription
45:27 Town Watch
47:31 Plate Mail Armor
48:01 Blast Furnace
[GDL] REVOLVER CANNABIS
9:33 Feudal Age
13:57 Castle Age
12:22 Double-Bit Axe
13:58 Gold Mining
14:35 Loom
18:40 Scale Barding Armor
20:16 Fishing Lines
21:48 Husbandry
24:51 Chain Barding Armor
25:35 Wheelbarrow
27:00 Bow Saw
33:01 Imperial Age
31:15 Forging
31:45 Gold Shaft Mining
32:51 Iron Casting
33:06 Gillnets
34:04 Hand Cart
35:15 Plate Barding Armor
34:20 Cavalier
37:16 Blast Furnace
37:10 Paladin
39:24 Fletching
40:38 Conscription
41:06 Bodkin Arrow
47:17 Elite Skirmisher
49:01 Chemistry
48:21 Ballistics
49:11 Light Cavalry
56:45 Padded Archer Armor
[GDL] Compare
5:08 Loom
8:38 Feudal Age
9:07 Double-Bit Axe
16:23 Castle Age
15:05 Horse Collar
16:08 Town Watch
17:18 Bow Saw
19:40 Medium Warships
19:31 Gold Mining
24:26 Wheelbarrow
26:46 Hand Cart
32:14 Imperial Age
30:29 Scale Barding Armor
30:34 Forging
30:40 Heavy Plow
31:39 Chain Barding Armor
32:48 Iron Casting
32:44 Demolition Ship
34:00 Heavy Warships
33:17 Fishing Lines
33:50 Fletching
35:03 Chemistry
34:50 Plate Barding Armor
36:34 Elite Leitis
37:47 Redemption
38:31 Man-at-Arms
39:11 Squires
38:56 Arson
40:18 Bodkin Arrow
40:26 Long Swordsman
43:09 Bloodlines
42:59 Husbandry
43:22 Conscription
42:50 Two-Handed Swordsman
45:07 Bracer
46:21 Murder Holes
46:04 Champion
47:23 Ballistics
48:12 Padded Archer Armor
51:20 Leather Archer Armor
52:57 Elite Skirmisher
55:40 Masonry
Connection lost

Rejoining the realm…

Still unreachable

The connection could not be restored.

Session expired

The server has moved on; the page needs a fresh start.